Map: Automaton LE

Players

firefly - Winner!

  • Race: Protoss Protoss
  • League: Gold
  • Spawn Location: 3:00

PSiArc

  • Race: Terran Terran
  • Spawn Location: 9:00

Event: 2019 WCS Winter Americas

VOD

Have the link to the VOD?

Description

Time

  • Played on: Feb. 10, 2019, 1:22 p.m.
  • Length: 11:24

All games in this series

Show
View Real Time Build Order
Export as new Build Order

firefly Protoss - Winner!

Build Orders: 1 Gate Expand, Double Forge, Phoenix Opening, Blink Stalkers 

Get SALT Encoding   

  12  0:00  Probe  
  13  0:13  Probe  
  14  0:17  Pylon  
  14  0:24  Probe  
  15  0:33  Probe  
  15  0:38  Gateway  
  15  0:41  Probe  
  16  0:48  Assimilator  
  17  0:51  Probe  
  18  1:03  Probe  
  19  1:15  Probe  
  20  1:24  Nexus  
  20  1:34  Cybernetics Core  
  20  1:38  Probe  
  21  1:44  Assimilator  
  21  1:51  Probe  
  22  1:57  Pylon  
  22  2:03  Probe  
  22  2:05  Stalker  
  23  2:11  Warp Gate  
  23  2:15  Probe  
  26  2:27  Probe, Twilight Council  
  27  2:33  Probe  
  27  2:35  Probe  
  27  2:42  Probe  
  27  2:43  Probe  
  29  2:46  Sentry  
  33  2:51  Probe  
  33  2:54  Probe, Blink  
  35  3:03  Probe  
  36  3:06  Probe  
  37  3:15  Probe  
  37  3:17  Gateway x2  
  37  3:18  Probe  
  39  3:21  Phoenix  
  39  3:25  Stalker  
  41  3:28  Probe  
  41  3:31  Pylon  
  42  3:35  Probe  
  42  3:40  Probe, Shield Battery  
  44  3:47  Probe  
  45  3:48  Pylon  
  45  3:54  Probe  
  46  4:00  Probe  
  47  4:05  Nexus  
  47  4:06  Assimilator, Probe  
  48  4:17  Stalker x2  
  48  4:19  Stalker  
  54  4:32  Forge x2  
  54  4:42  Protoss Ground Weapons Level 1, Protoss Ground Armor Level 1, Pylon  
  54  4:52  Stalker x3  
  56  4:55  Charge  
  60  5:04  Phoenix  
  60  5:13  Gateway  
  59  5:16  Gateway  
  59  5:18  Stalker x2  
  63  5:29  Gateway  
  63  5:31  Gateway  
  63  5:34  Gateway  
  63  5:42  Robotics Facility  
  63  5:45  Probe x3  
  66  5:55  Pylon  
  66  5:57  Probe  
  66  6:01  Pylon  
  66  6:02  Probe  
  66  6:04  Probe  
  69  6:07  Sentry x2, Protoss Ground Weapons Level 2  
  69  6:09  Probe  
  69  6:11  Pylon  
  74  6:13  Pylon  
  74  6:14  Probe  
  74  6:15  Protoss Ground Armor Level 2  
  74  6:16  Probe  
  76  6:26  Probe x2  
  76  6:28  Probe  
  76  6:30  Zealot x2  
  85  6:33  Observer  
  85  6:35  Shield Battery  
  85  6:38  Probe x2  
  86  6:51  Probe x2  
  88  6:54  Warp Prism  
  88  6:56  Photon Cannon  
  90  7:02  Zealot x4  
  90  7:06  Pylon  
  98  7:11  Templar Archives  
  98  7:12  Zealot x2  
  102  7:23  Zealot  
  102  7:24  Zealot x3  
  102  7:29  Probe x2  
  112  7:30  Assimilator, Probe  
  112  7:33  Assimilator  
  112  7:34  Assimilator  
  113  7:48  Zealot x5  
  113  7:50  High Templar  
  125  7:53  Pylon  
  125  7:55  Pylon  
  125  7:57  Pylon  
  125  7:58  Pylon  
  125  8:00  Pylon  
  121  8:14  High Templar x3  
  121  8:15  Zealot x4  
  121  8:18  Archon  
  121  8:19  Archon  
  135  8:34  Immortal  
  126  8:35  Zealot x3  
  126  8:36  Zealot  
  126  8:40  Zealot  
  123  8:46  Zealot x3  
  119  9:00  Stalker x4  
  125  9:02  High Templar  
  125  9:04  Immortal  
  125  9:08  Zealot  
  125  9:09  Zealot x2  
  129  9:29  Zealot x2  
  132  9:33  Pylon  
  132  9:34  Pylon  
  132  9:36  Pylon  
  129  9:38  Pylon  
  120  9:46  Immortal  
  118  9:59  High Templar x5  
  118  10:01  Zealot x3  
  118  10:04  Archon x2  
  118  10:06  Pylon  
  120  10:26  Zealot x3  
  120  10:31  Immortal  
  122  10:38  Stalker x2  
  122  10:53  High Templar  
  118  10:59  High Templar  
  118  11:00  Zealot x3  
  126  11:06  Zealot, Archon  
  126  11:07  Zealot  
Show
View Real Time Build Order
Export as new Build Order

PSiArc Terran 

Build Orders: Reaper Expand 

Get SALT Encoding   

  12  0:01  SCV  
  13  0:13  SCV  
  14  0:18  Supply Depot  
  14  0:25  SCV  
  15  0:40  SCV  
  15  0:42  Barracks  
  16  0:45  Refinery  
  16  0:52  SCV  
  17  1:04  SCV  
  18  1:16  SCV  
  19  1:29  Reaper, Orbital Command  
  20  1:48  Command Center  
  20  1:56  SCV  
  20  1:57  Supply Depot  
  21  2:01  Marine  
  22  2:09  SCV  
  22  2:14  Factory  
  23  2:22  SCV, Refinery  
  24  2:25  Barracks Reactor  
  24  2:35  SCV  
  25  2:47  SCV  
  26  2:59  SCV, Factory Tech Lab  
  26  3:00  Starport  
  26  3:01  Marine  
  26  3:02  Orbital Command, Marine  
  29  3:11  SCV  
  30  3:19  Marine x2  
  31  3:21  Siege Tank  
  31  3:23  SCV  
  36  3:29  SCV  
  36  3:30  Supply Depot  
  37  3:35  SCV  
  37  3:37  Marine x2  
  40  3:42  Viking  
  40  3:43  SCV  
  40  3:48  SCV  
  44  3:54  Supply Depot  
  44  3:56  SCV, Marine x2  
  44  4:01  SCV, Siege Tank  
  51  4:08  Refinery  
  51  4:09  SCV  
  52  4:13  SCV  
  52  4:16  Starport Tech Lab  
  53  4:17  Marine x2  
  53  4:21  SCV  
  56  4:25  SCV  
  57  4:33  SCV  
  57  4:37  SCV  
  59  4:39  Siege Tank  
  59  4:42  Barracks  
  62  4:46  Barracks Tech Lab  
  62  4:49  Barracks  
  62  4:50  SCV, Engineering Bay  
  62  4:52  SCV  
  63  5:01  Raven  
  63  5:02  SCV  
  63  5:03  Supply Depot  
  63  5:04  SCV  
  67  5:07  Supply Depot  
  67  5:13  Marine  
  67  5:14  SCV, Stimpack  
  67  5:16  SCV  
  69  5:26  SCV, Siege Tank, Refinery  
  69  5:28  SCV  
  74  5:37  Marine x2  
  74  5:38  SCV  
  74  5:40  SCV, Missile Turret, Marauder  
  80  5:50  SCV  
  80  5:51  Starport Reactor  
  80  5:52  SCV  
  80  5:55  Combat Shield  
  80  5:56  Marauder  
  84  5:59  Supply Depot x2  
  84  6:02  SCV, Marine  
  86  6:08  Supply Depot  
  86  6:20  SCV, Barracks  
  86  6:21  Terran Infantry Weapons Level 1, Marauder  
  86  6:22  Factory Reactor, Barracks  
  86  6:23  Supply Depot  
  86  6:24  Supply Depot  
  89  6:34  Marauder, Marine x2  
  89  6:38  Medivac x2  
  97  6:40  Supply Depot  
  97  6:42  Marauder  
  99  6:52  Marine  
  99  6:53  Marine  
  101  6:56  Marauder  
  101  7:00  Widow Mine x2  
  107  7:03  Marauder, Supply Depot  
  107  7:07  Supply Depot  
  107  7:08  Marauder  
  111  7:10  Concussive Shells  
  111  7:12  Medivac x2  
  115  7:17  Marauder  
  115  7:18  Barracks Reactor  
  115  7:21  Marine  
  118  7:28  Marine  
  118  7:29  Marauder  
  121  7:33  Marauder, Widow Mine x2  
  127  7:37  Supply Depot  
  127  7:38  Marine  
  128  7:46  Marine x2  
  128  7:47  Medivac x2  
  128  7:50  Marauder  
  136  7:53  Marine  
  136  7:54  Widow Mine x2  
  136  7:56  Marine  
  142  8:04  Marine x2  
  144  8:11  Marauder  
  144  8:12  Marauder, Marine  
  147  8:14  Marauder, Marine  
  149  8:29  Marine x2  
  149  8:31  SCV  
  149  8:32  Marine  
  149  8:33  Marauder x2  
  144  8:36  Marauder  
  144  8:39  Marine  
  144  8:40  SCV  
  132  8:44  SCV  
  132  8:47  Marine  
  132  8:54  Marauder  
  132  8:55  Marauder, SCV  
  121  9:08  SCV  
  112  9:20  Marine x2  
  112  9:21  Marauder  
  107  9:27  Marine x2  
  107  9:29  Marine x2  
  89  9:46  SCV  
  89  9:49  SCV  
  74  10:00  Marine  
  74  10:01  Marauder  
  74  10:02  Marine  
  74  10:03  Marauder, Medivac x2, Marine  
  81  10:09  Marine  
  81  10:10  Marauder  
  77  10:27  Marine x4  
  82  10:28  Widow Mine  
  74  10:54  Marine  
  71  10:59  Marine  
Tags
 
Add a new tag
Caveats
  • Supply blocks, unpowered buildings, or Contaminate may cause inaccurate times.
  • Supply counts are checked every 10 seconds.